 Dungeon Crawl Stone Soup version 0.30-a0-626-gd6a5dd7a1f (webtiles) character file.

Game seed: 14410525590037769399

76006 acebull12 the Fighter (level 15, -2/123 HPs)
             Began as a Demonspawn Fighter on Jan 12, 2023.
             Was the Champion of Okawaru.
             Slain by a jiangshi (6 damage)
             ... while paralysed by a vampire knight
             ... on level 12 of the Dungeon.
             The game lasted 01:29:18 (25872 turns).

acebull12 the Fighter (Demonspawn Fighter)         Turns: 25872, Time: 01:29:18

Health: -2/123     AC: 38    Str: 38    XL:     15   Next: 11%
Magic:  0/23       EV:  2    Int: 13    God:    Okawaru [******]
Gold:   2600       SH:  0    Dex: 13    Spells: 14/14 levels left

rFire   . . .      SeeInvis .    x - +4 spear (venom)
rCold   . . .      Faith    .    c - +0 buckler
rNeg    + . .      Spirit   +    J - +6 plate armour "Kalurchoy" {Str+8 Dex-2 Stlth-}
rPois   .          Reflect  .    w - +1 helmet of Red the Leaf {+Blink rN+ Dex+2}
rElec   .          Harm     .    (cloak unavailable)
rCorr   .          Rampage  .    a - +0 pair of gloves
Will    +....                    b - +5 pair of boots of Boredom {Int+4} Stlth
                                 E - amulet of guardian spirit
HPRegen 0.40/turn                P - +4 ring of protection
MPRegen 0.18/turn                l - +6 ring of strength

@: paralysed, studying Unarmed Combat
A: slimy green scales 2, ignite blood 1, powered by death 2, weakness stinger 3
a: Renounce Religion, Evoke Blink, Heroism, Finesse, Duel


You were on level 12 of the Dungeon.
You worshipped Okawaru.
Okawaru was exalted by your worship.
You visited 4 branches of the dungeon, and saw 21 of its levels.
You also visited: Ossuary, Gauntlet and Ice Cave.

You collected 2600 gold pieces.

Inventory:

Hand Weapons
 x - a +4 spear of venom (weapon)
Missiles
 j - 6 curare-tipped darts
 y - 10 javelins (quivered)
 C - 16 poisoned darts
 K - 10 throwing nets
 S - 5 silver javelins
Armour
 a - a +0 pair of gloves (worn)
 b - the +5 pair of boots of Boredom (worn) {Int+4}
   (You found it on level 8 of the Dungeon)

   Int:       It affects your intelligence (+4).
 c - a +0 buckler (worn)
 g - +0 swamp dragon scales
 w - the +1 helmet of Red the Leaf (worn) {+Blink rN+ Dex+2}
   (You took it off Robin on level 3 of the Dungeon)

   Dex:       It affects your dexterity (+2).
   rN:        It protects you from negative energy.
   +Blink:    It lets you blink.
 J - the +6 plate armour "Kalurchoy" (worn) {Str+8 Dex-2 Stlth-}
   (You found it on level 8 of the Dungeon)

   Str:       It affects your strength (+8).
   Dex:       It affects your dexterity (-2).
   Stlth:     It makes you less stealthy.
 U - a +2 plate armour of fire resistance
Jewellery
 f - a ring of flight
 l - a +6 ring of strength (right hand)
 m - the ring of Tiuf {rC+ Str-4 Int+7 Dex+6}
   (You took it off a minotaur in a Gauntlet)

   [ring of dexterity]

   Str:       It affects your strength (-4).
   Int:       It affects your intelligence (+7).
   Dex:       It affects your dexterity (+6).
   rC:        It protects you from cold.
 n - an amulet of reflection
 s - a ring of positive energy
 E - an amulet of guardian spirit (around neck)
 H - a ring of see invisible
 O - a +6 ring of intelligence
 P - a +4 ring of protection (left hand)
 W - an amulet of the acrobat
Wands
 z - a wand of flame (54)
 D - a wand of mindburst (6)
 I - a wand of iceblast (33)
 M - a wand of digging (18)
 Q - a wand of acid (13)
Scrolls
 e - 10 scrolls of teleportation
 k - 4 scrolls of immolation
 p - a scroll of magic mapping
 q - 4 scrolls of poison
 G - 4 scrolls of blinking
 R - 2 scrolls of fog
 X - a scroll of enchant armour
Potions
 d - 5 potions of might
 h - 6 potions of brilliance
 i - 3 potions of invisibility
 o - 6 potions of mutation
 r - 7 potions of ambrosia
 t - 15 potions of curing
 u - 2 potions of berserk rage
 A - 5 potions of attraction
 B - 6 potions of heal wounds
 F - a potion of magic
 L - 4 potions of flight
 N - 3 potions of lignification
 V - a potion of resistance
 Z - 3 potions of cancellation
Miscellaneous
 T - a condenser vane


   Skills:
 * Level 13.1 Fighting
 + Level 12.5 Polearms
 * Level 6.3 Throwing
 + Level 10.3 Armour
 + Level 3.9 Dodging
 + Level 1.8 Stealth
 - Level 10.0 Shields
 * Level 11.4 Invocations
 * Level 7.0 Evocations


You had 14 spell levels left.
You didn't know any spells.
Your spell library contained the following spells:

 Spells                   Type           Power      Damage    Failure   Level
 Apportation              Tloc           0%         N/A       88%         1
 Freeze                   Ice            0%         1d3       88%         1
 Necrotise                Necr           0%         1d4       88%         1
 Static Discharge         Conj/Air       0%         2-2/arc   95%         2
 Frozen Ramparts          Ice            0%         1d1       99%         3
 Hailstorm                Conj/Ice       0%         3d3       99%         3
 Portal Projectile        Hex/Tloc       0%         N/A       99%         3
 Vhi's Electric Charge    Tloc/Air       0%         N/A       99%         3
 Airstrike                Air            0%         2d(0-16)  100%        4
 Leda's Liquefaction      Hex/Erth       0%         N/A       100%        4
 Arcjolt                  Conj/Air       0%         1d10      100%        5
 Blade Hands              Tmut           0%         N/A       100%        5
 Lightning Bolt           Conj/Air       0%         1d11      100%        5
 Summon Small Mammal      Summ           Unusable   N/A       N/A         1
 Call Canine Familiar     Summ           Unusable   N/A       N/A         3
 Tukima's Dance           Hex            Unusable   N/A       N/A         3
 Summon Lightning Spire   Summ/Air       Unusable   N/A       N/A         4

Dungeon Overview and Level Annotations

Branches:
Dungeon (13/15)            Temple (1/1) D:5            Lair (5/5) D:8
  Swamp (0/4) Lair:2       Spider (0/4) Lair:3        Slime (0/5) Lair:5
    Orc (2/2) D:11            Elf (0/3) Orc:2       Ossuary (visited)
  IceCv (visited)         Gauntlet (visited)
 Vaults: D:13-14

Altars:
Cheibriados
Kikubaaqudgha
Makhleb
Nemelex Xobeh
Okawaru
Ru
Sif Muna
Vehumet
Yredelemnul
Jiyva

Shops:
D:11 ([!   Orc:2 :*[(

Annotations:
Lair:1 3 runed translucent doors, Coekuehi's ghost, journeyman MiBe
Lair:4 exclusion: oklob plant


Innate Abilities, Weirdness & Mutations

You are mostly covered in slimy green scales. (AC +3)
Your demonic aura sometimes causes spilled blood to erupt in flames.
You regenerate health from kills.
You have a sharp stinger which inflicts weakening toxins.


Message History

The jiangshi claws you but does no damage. x2
Something hits you. Something completely misses you.
You hit the jiangshi but do no damage.
The jiangshi is heavily damaged.
The jiangshi claws you but does no damage.
The jiangshi claws you!
The jiangshi draws strength from your injuries!
Something hits you but does no damage. Something bites you but does no damage.
The jiangshi attacks as you move away! The jiangshi claws you.
The jiangshi claws you but does no damage.
Something hits you but does no damage. Something bites you but does no damage.
Something hits you but does no damage. Something bites you but does no damage.
The jiangshi claws you but does no damage.
The jiangshi closely misses you. Something hits you but does no damage.
Something bites you but does no damage. You block the jiangshi's attack.
The jiangshi claws you but does no damage.
Something hits you.
* * * LOW HITPOINT WARNING * * *
You hear some strange, mumbled words.
You suddenly lose the ability to move!
The jiangshi claws you but does no damage.
The jiangshi claws you.
* * * LOW HITPOINT WARNING * * *
You hear some strange, mumbled words.
The jiangshi claws you but does no damage. x2
The jiangshi claws you but does no damage.
The jiangshi claws you!
* * * LOW HITPOINT WARNING * * *
The jiangshi draws strength from your injuries!
Something hits you!
* * * LOW HITPOINT WARNING * * *
The jiangshi claws you!
* * * LOW HITPOINT WARNING * * *
The jiangshi draws strength from your injuries!
The jiangshi claws you but does no damage.
The jiangshi is engulfed in blazing flames.
The jiangshi claws you but does no damage.
The jiangshi claws you!
You die...

###......##.#.#[######..##.# #.#
###....[)[...............# #.## #
#)...)..........)##.######.#. #
#...#####.......#............ #
#...# #...>...#.#.#.######.##
#####...# #.#.#.#.#.#.#.....##...
......### #.#.#.#.###.#####.#####
......# #.#...Vā—‹##8.8####.#####
......# #.#.#.@.###.##....#....
(.....#####.#.'ā—‹..'##.#######.###
............#.#.{.##8.8######.#
..##....###...#....##.##......#
..##....# #...#######.##.########
..##....# #...# #8.8#.........
..####### ###.#######.##...(..###
### #.##...'..........#
#.##.###..........#


You could see a jiangshi.

Vanquished Creatures
  An orc warlord (Orc:1)
  A minotaur (Gauntlet)
  An entropy weaver (Gauntlet)
  A jiangshi (D:13)
  A fire dragon (Lair:4)
  Snorg (D:13)
  Harold (D:9)
  A rakshasa (D:10)
  An entropy weaver (shapeshifter) (D:12)
  Erolcha (D:10)
  A death knight (D:13)
  3 hydras
  4 boulder beetles
  3 two-headed ogres
  Erica (D:11)
  4 catoblepae
  2 centaur warriors
  An orc high priest (Orc:2)
  Sonja (Orc:1)
  Urug (D:10)
  A pharaoh ant (Lair:2)
  An orange crystal statue (Gauntlet)
  Pikel (D:7)
  5 orc sorcerers
  2 ugly things
  A lindwurm (Lair:4)
  3 orc knights (Orc:2)
  2 wolf spiders
  2 cyclopes
  12 elephants
  A guardian serpent (Lair:5)
  6 black mambas
  4 gargoyles
  12 cane toads
  Psyche (D:9)
  A hellion (Gauntlet)
  Maggie (D:7)
  An efreet (D:13)
  A kobold demonologist (D:8)
  9 komodo dragons
  6 rime drakes
  A tengu conjurer (D:7)
  2 ice devils (Lair:1)
  3 meliai (Lair:2)
  A polar bear (Lair:3)
  5 trolls
  Prince Ribbit (D:7)
  A queen bee (Lair:2)
  5 hornets
  2 tarantellas
  5 blink frogs
  4 dream sheep
  2 slime creatures (Lair:5)
  A spriggan (Lair:1)
  3 shadows
  2 wraiths
  2 vampires
  41 yaks
  2 fire elementals (Lair:4)
  5 redbacks
  9 wyverns
  A death yak simulacrum (IceCv)
  2 steam dragons
  10 basilisks
  4 vampire mosquitoes
  4 acid dragons
  A warg (Orc:2)
  Duvessa (D:6)
  25 water moccasins
  A hell hound (Gauntlet)
  3 black bears
  An ice beast (D:8)
  25 orc warriors
  8 ogres
  19 centaurs
  6 wolves
  3 lemures (D:6)
  3 kobold brigands
  Blork the orc (Orc:2)
  18 bullfrogs
  A necrophage (D:4)
  5 water moccasin zombies (Ossuary)
  3 scorpions
  Dowan (D:7)
  8 wights
  50 killer bees
  An elephant simulacrum (IceCv)
  5 howler monkeys
  An electric eel (Orc:2)
  A lava snake (Lair:4)
  2 hounds
  5 jellies
  3 gnoll boudas
  12 orc priests
  2 iguanas (D:4)
  21 orc wizards
  2 polar bear simulacra (IceCv)
  A wolf simulacrum (IceCv)
  2 mummies (Ossuary)
  Robin (D:3)
  22 gnolls
  9 adders
  A white imp (D:6)
  2 ufetubi (D:4)
  4 adder zombies (Ossuary)
  2 worms (D:2)
  A dart slug (D:1)
  85 orcs
  4 bats
  3 endoplasms
  4 giant cockroaches
  A gnoll zombie (Ossuary)
  38 goblins
  18 hobgoblins
  10 kobolds
  7 quokkas
  5 ball pythons
  5 frilled lizards
  6 hobgoblin zombies (Ossuary)
  4 kobold zombies (Ossuary)
  7 orc zombies (Ossuary)
  8 rats
710 creatures vanquished.

Vanquished Creatures (others)
  A centaur warrior (D:13)
  An orc wizard (Orc:2)
  22 fungi
  40 plants
64 creatures vanquished.

Grand Total: 774 creatures vanquished

Notes
Turn   | Place    | Note
-------+----------+-------------------------------------------
     0 | D:1      | acebull12 the Demonspawn Fighter began the quest for the
                  | Orb.
     0 | D:1      | Reached XP level 1. HP: 18/18 MP: 1/1
   252 | D:1      | Gained mutation: You have a small tail. [demonic ancestry]
   252 | D:1      | Reached XP level 2. HP: 24/24 MP: 2/2
   517 | D:1      | Gained mutation: You have a tail ending in a sharp stinger.
                  | [demonic ancestry]
   517 | D:1      | Reached XP level 3. HP: 20/29 MP: 3/3
   763 | D:2      | Gained mutation: Your demonic aura sometimes causes spilled
                  | blood to erupt in flames. [demonic ancestry]
   763 | D:2      | Reached XP level 4. HP: 35/35 MP: 4/4
  1214 | D:3      | Found an ancient bone altar of Kikubaaqudgha.
  2179 | D:3      | Reached XP level 5. HP: 33/41 MP: 5/5
  3007 | D:4      | Reached skill level 4 in Fighting
  3007 | D:4      | Gained mutation: You are partially covered in slimy green
                  | scales. (AC +2) [demonic ancestry]
  3007 | D:4      | Reached XP level 6. HP: 44/48 MP: 6/6
  3244 | D:3      | Reached skill level 1 in Dodging
  3278 | D:4      | Identified the +1 helmet of Red the Leaf {+Blink rN+ Dex+2}
  3278 | D:4      | Noticed Robin
  3294 | D:3      | Killed Robin
  3472 | D:4      | Found a snail-covered altar of Cheibriados.
  3603 | D:4      | Reached skill level 1 in Evocations
  3902 | D:4      | Gained mutation: You regenerate a little health from kills.
                  | [demonic ancestry]
  3902 | D:4      | Reached XP level 7. HP: 50/55 MP: 7/7
  3957 | D:4      | Found a sparkling altar of Nemelex Xobeh.
  4062 | D:5      | Entered Level 5 of the Dungeon
  4343 | D:5      | Found a staircase to the Ecumenical Temple.
  4350 | Temple   | Entered the Ecumenical Temple
  4356 | Temple   | Became a worshipper of Warmaster Okawaru
  5141 | D:6      | Reached skill level 5 in Polearms
  5141 | D:6      | Gained mutation: You are mostly covered in slimy green
                  | scales. (AC +3) [demonic ancestry]
  5141 | D:6      | Reached XP level 8. HP: 49/61 MP: 8/8
  5193 | D:6      | Reached skill level 5 in Fighting
  5272 | D:6      | Reached * piety under Okawaru
  5539 | D:6      | Identified the +2 dagger of the Shouting Gods {flame, rN+
                  | Int+2}
  5774 | D:7      | Noticed Duvessa
  5774 | D:7      | Noticed Dowan
  5774 | D:7      | Noticed Pikel
  5781 | D:7      | Killed Dowan
  5891 | D:6      | Killed Duvessa
  5952 | D:7      | Killed Pikel
  5953 | D:7      | Reached skill level 6 in Fighting
  5953 | D:7      | Reached skill level 1 in Stealth
  6028 | D:7      | Reached skill level 5 in Armour
  6028 | D:7      | Reached XP level 9. HP: 69/69 MP: 9/9
  6125 | D:7      | Found a sand-covered staircase.
  6190 | D:7      | Noticed Maggie
  6194 | Ossuary  | Entered an ossuary
  6249 | Ossuary  | Reached ** piety under Okawaru
  6306 | Ossuary  | Reached skill level 5 in Shields
  6454 | D:7      | Killed Maggie
  6722 | D:7      | Noticed Prince Ribbit
  6729 | D:7      | Killed Prince Ribbit
  6776 | D:7      | Reached skill level 7 in Fighting
  6781 | D:7      | Reached *** piety under Okawaru
  7124 | D:8      | Noticed a cyclops
  7124 | D:8      | Noticed a two-headed ogre
  7214 | D:7      | Reached XP level 10. HP: 77/79 MP: 7/10
  7262 | D:8      | Noticed a purple ugly thing
  7357 | D:8      | Killed a purple ugly thing
  7357 | D:8      | Reached **** piety under Okawaru
  7358 | D:8      | Reached skill level 1 in Invocations
  7358 | D:8      | Reached skill level 5 in Evocations
  7450 | D:7      | Killed a two-headed ogre
  7728 | D:7      | Reached skill level 8 in Fighting
  7799 | D:8      | Noticed a centaur warrior
  8145 | D:8      | Identified the +5 pair of boots of Boredom {Int+4}
  8178 | D:8      | Identified the +6 plate armour "Kalurchoy" {Str+8 Dex-2
                  | Stlth-}
  8307 | D:8      | Found a staircase to the Lair.
  8338 | D:8      | Identified the +9 battleaxe of Governance {venom, Fragile
                  | Str+3 SInv}
  8475 | D:8      | Reached ***** piety under Okawaru
  8542 | D:8      | Killed a centaur warrior
  8745 | D:8      | Killed a cyclops
  9149 | D:8      | Reached XP level 11. HP: 87/87 MP: 12/14
  9189 | D:8      | Noticed a three-headed hydra
  9194 | D:8      | Killed a three-headed hydra
  9462 | D:9      | Noticed Harold
  9571 | Lair:1   | Entered Level 1 of the Lair of Beasts
  9795 | Lair:1   | Reached skill level 9 in Fighting
  9883 | Lair:1   | Reached ****** piety under Okawaru
  9884 | Lair:1   | Reached skill level 5 in Invocations
  9892 | Lair:1   | Found a runed translucent gate.
  9892 | Lair:1   | Found a runed translucent gate.
  9892 | Lair:1   | Found a runed translucent gate.
  9894 | Lair:1   | Noticed a minotaur
  9978 | Lair:1   | Found a frozen archway.
 10019 | IceCv    | Entered an ice cave
 10019 | IceCv    | Noticed a white ugly thing
 10036 | IceCv    | Killed a white ugly thing
 10222 | IceCv    | Found a transporter.
 10226 | IceCv    | Noticed a white ugly thing
 10232 | IceCv    | Found a transporter.
 10323 | Lair:1   | Identified the +3 plate armour of Shadows and Fog {rCorr}
                  | (Okawaru gifted it to you on level 1 of the Lair of Beasts)
 10323 | Lair:1   | Received a gift from Okawaru
 10657 | Lair:1   | Noticed Coekuehi's ghost (journeyman MiBe)
 11951 | Lair:2   | You fall into a shaft and drop 2 floors!
 12030 | Lair:2   | Reached XP level 12. HP: 78/97 MP: 14/16
 12060 | Lair:2   | Reached skill level 10 in Polearms
 12062 | Lair:3   | Noticed a six-headed hydra
 12199 | Lair:2   | Reached skill level 10 in Fighting
 12333 | Lair:2   | Found a staircase to the Swamp.
 12571 | Lair:2   | Reached skill level 1 in Throwing
 12613 | Lair:2   | Received a gift from Okawaru
 12958 | Lair:3   | Killed a six-headed hydra
 12978 | Lair:3   | Found an iron altar of Okawaru.
 13327 | Lair:3   | Reached XP level 13. HP: 100/104 MP: 17/19
 13401 | Lair:3   | Found a hole to the Spider Nest.
 14667 | Lair:4   | Identified the +5 ice dragon scales of the Hills {rF- rC++
                  | Str+2} (Okawaru gifted it to you on level 4 of the Lair of
                  | Beasts)
 14667 | Lair:4   | Received a gift from Okawaru
 14798 | Lair:4   | Noticed a fire dragon
 15044 | Lair:4   | Killed a fire dragon
 15439 | Lair:5   | Entered Level 5 of the Lair of Beasts
 15447 | Lair:5   | Found a staircase to the Slime Pits.
 15447 | Lair:5   | Found a viscous altar of Jiyva.
 15460 | Lair:5   | Reached skill level 11 in Fighting
 16251 | Lair:5   | Paralysed by a hornet for 1 turns
 17802 | D:9      | Noticed Psyche
 17805 | D:9      | Killed Psyche
 18112 | D:9      | Received a gift from Okawaru
 18124 | D:9      | Killed Harold
 18383 | D:10     | Entered Level 10 of the Dungeon
 18396 | D:10     | Noticed Erolcha
 18485 | D:10     | Killed Erolcha
 18486 | D:10     | Reached skill level 10 in Invocations
 18541 | D:10     | Received a gift from Okawaru
 18542 | D:10     | Gained mutation: You have a sharp stinger which inflicts
                  | weakening toxins. [demonic ancestry]
 18542 | D:10     | Reached XP level 14. HP: 113/113 MP: 21/21
 18542 | D:10     | Found the +7 Kryia's mail coat {PotionHeal*2 rC+}
 18607 | D:10     | Identified the +2 leather armour of Emem {Will+ Str+3}
 18678 | D:10     | Noticed Urug
 18701 | D:10     | Killed Urug
 19265 | D:10     | Identified the +7 falchion "Cenoqom" {pain, rPois rF- Int+3
                  | Dex+2}
 19714 | D:11     | Found Maicaz's Armour Shoppe.
 19714 | D:11     | Found a staircase to the Orcish Mines.
 19722 | D:11     | Found Reerik's Weapon Shoppe.
 19814 | D:11     | Found Faraw Anli's Distillery.
 19816 | D:11     | Noticed Erica
 19990 | D:11     | Reached skill level 5 in Throwing
 19990 | D:11     | Reached skill level 10 in Shields
 20048 | D:11     | Killed Erica
 20049 | D:11     | Reached skill level 12 in Fighting
 20297 | Orc:1    | Entered Level 1 of the Orcish Mines
 20417 | Orc:1    | Noticed Sonja
 20442 | Orc:1    | Killed Sonja
 20809 | Orc:2    | Entered Level 2 of the Orcish Mines
 20809 | Orc:2    | Found a staircase to the Elven Halls.
 20810 | Orc:2    | Paralysed by an orc sorcerer for 3 turns
 21154 | Orc:2    | Noticed an orc warlord
 21570 | Orc:2    | Noticed Blork the orc
 21580 | Orc:2    | Killed Blork the orc
 21730 | Orc:1    | Killed an orc warlord
 22083 | Orc:2    | Found Atief's Antique Armour Boutique.
 22087 | Orc:2    | Paralysed by an orc sorcerer for 5 turns
 22097 | Orc:2    | Found Ugronn's General Store.
 22241 | Orc:2    | Found a shimmering blue altar of Sif Muna.
 22297 | Orc:2    | Found Epla's Book Boutique.
 22476 | Orc:2    | Found Debif's Antique Weapon Boutique.
 22869 | D:12     | Found a gate leading to a gauntlet.
 23014 | D:12     | Received a gift from Okawaru
 23015 | D:12     | Reached skill level 10 in Armour
 23072 | Gauntlet | Entered a Gauntlet
 23072 | Gauntlet | Found a transporter.
 23080 | Gauntlet | Found a transporter.
 23085 | Gauntlet | Found a transporter.
 23085 | Gauntlet | Found a transporter.
 23089 | Gauntlet | Found a transporter.
 23092 | Gauntlet | Found a transporter.
 23104 | Gauntlet | Found a transporter.
 23104 | Gauntlet | Found a transporter.
 23116 | Gauntlet | Found a transporter.
 23117 | Gauntlet | Found a transporter.
 23124 | Gauntlet | Found a transporter.
 23146 | Gauntlet | Found a transporter.
 23158 | Gauntlet | Found a transporter.
 23162 | Gauntlet | Found a runed translucent door.
 23170 | Gauntlet | Found a transporter.
 23356 | Gauntlet | Identified the +7 great sword "Musoq" {venom, Stlth+}
 23431 | Gauntlet | Received a gift from Okawaru
 23940 | Gauntlet | Identified the ring of Tiuf {rC+ Str-4 Int+7 Dex+6}
 24943 | D:13     | Noticed Snorg
 24957 | D:13     | Killed Snorg
 25008 | D:13     | Reached skill level 13 in Fighting
 25013 | D:13     | Gained mutation: You regenerate health from kills. [demonic
                  | ancestry]
 25013 | D:13     | Reached XP level 15. HP: 117/123 MP: 23/23
 25528 | D:13     | Identified the -2 pair of boots of Twilight {rElec Dex+3}
                  | (Okawaru gifted it to you on level 13 of the Dungeon)
 25528 | D:13     | Received a gift from Okawaru
 25869 | D:12     | Paralysed by something for 5 turns
 25871 | D:12     | HP: 4/123 [jiangshi (12)]
 25872 | D:12     | Slain by a jiangshi

Illustrated notes

Levels and vault maps discovered:
D:1:      dpeg_arrival_shrine, layout_rooms
D:2:      layout_basic
D:3:      minmay_goblin_kobold_castle, layout_basic, kiku_gazebo_garden_becter
D:4:      layout_gridville, overflow_temple_1_default,
          nemelex_diamond_rough_becter, uniq_robin
D:5:      layout_loops_ring, minmay_temple_entry_slanted, nicolae_eternal_life,
          grunt_ministairs_1
D:6:      layout_basic, minmay_misc_feat_encased
D:7:      layout_gridville, nicolae_ossuary_entry_monument,
          nicolae_elevator_lobby_asterisk, uniq_duvessa, uniq_prince_ribbit1,
          uniq_pikel, uniq_maggie
D:8:      minmay_cut_squares, layout_cave_pools, lair_entry_dummy,
          hangedman_ranch
D:9:      layout_roguey, special_room [special_room_orc], uniq_harold,
          uniq_psyche
D:10:     layout_irregular_city, minmay_diced_spiral, uniq_erolcha, uniq_urug
D:11:     layout_roguey, orc_david_3, serial_shops,
          nicolae_shop_advertising_works [nicolae_subvault_shop_adworks],
          uniq_erica
D:12:     layout_basic, gauntlet_entry_generic, amcnicky_mini_corridor_feature
D:13:     layout_roguey, nicolae_nh_vlads_tower, uniq_snorg
Temple:   nicolae_temple_bog_church
Lair:1:   layout_cave_pods, maelrawn_ghost_gauntlet_escape,
          portal_ice_cave_demonic_guard, wad_woods_03, serial_bayou_shore_a,
          serial_bayou_shore_b
Lair:2:   regret_index_combs_of_tragedy, layout_gridlike,
          minmay_swamp_entry_worms, infiniplex_staircase_pool_2
Lair:3:   layout_hall_layers, nicolae_spider_entry_lesser_pyramids,
          lightli_volcano_entry_magma_tube, basic_altar
Lair:4:   dragon1_lemuel, layout_gridlike, dreamdust_gnoll_shepherd,
          infiniplex_staircase_pool, grunt_megastairs_3
Lair:5:   hangedman_lair_tendril_chambers, layout_regular_city,
          minmay_slime_entry_pillars, grunt_megastairs_5
Orc:1:    layout_diamond_mine, uniq_sonja
Orc:2:    grunt_orc_cross, layout_caves, nicolae_orc_flooded_monolith,
          kennysheep_orc_sif_temple

Skill      XL: |  1  2  3  4  5  6  7  8  9 10 11 12 13 14 15 |
---------------+----------------------------------------------+-----
Polearms       | 2 3 4 5 6 7 8 9 10 11 12 | 12.5
Armour         | 3 4 5 6 7 8 9 10 | 10.3
Shields        | 3 4 5 6 7 8 9 10 | 10.0
Fighting       | 4 6 7 8 9 10 11 13 | 13.1
Dodging        | 1 2 3 |  3.9
Evocations     | 1 2 3 4 5 6 7 |  7.0
Stealth        | 1 |  1.8
Invocations    | 4 6 8 10 11 | 11.4
Throwing       | 2 4 6 |  6.3

Action                   |  1- 3 |  4- 6 |  7- 9 | 10-12 | 13-15 || total
-------------------------+-------+-------+-------+-------+-------++-------
Melee: Trident           |   103 |   251 |       |       |       ||   354
       Tailslap          |     2 |    36 |    46 |   161 |   314 ||   559
       Spear             |       |    36 |   326 |   852 |  1768 ||  2982
Throw: Stone             |       |       |       |     1 |     1 ||     2
  Use: Scroll            |       |       |     9 |    10 |    15 ||    34
       Potion            |       |       |     1 |     3 |     4 ||     8
 Stab: Sleeping          |       |       |       |       |     2 ||     2
Armor: Scale mail        |    43 |   111 |    82 |       |       ||   236
       Swamp dragon scal |       |       |    20 |    38 |    74 ||   132
       Plate armour      |       |       |       |   416 |   764 ||  1180
Dodge: Dodged            |    47 |   138 |   114 |   241 |   458 ||   998
Block: Buckler           |    23 |    49 |    66 |   167 |   354 ||   659

Table legend: (Time is in decaauts)
 A = Elapsed time spent in this place.
 B = Non-inter-level travel time spent in this place.
 C = Inter-level travel time spent in this place.
 D = Time resting spent in this place.
 E = Time spent auto-exploring this place.
 F = Levels seen in this place.
 G = Mean time per level.
                   A        B        C        D        E       F      G
               +--------+--------+--------+--------+--------+-----+--------+
         Total |  24889 |  22996 |   1893 |   4560 |  11616 |  24 | 1037.0 |
       Dungeon |  13926 |  12743 |   1183 |   2489 |   6655 |  13 | 1071.2 |
        Temple |     56 |     56 |      0 |      0 |      0 |   1 |   56.0 |
          Lair |   7302 |   6669 |    633 |    774 |   3928 |   5 | 1460.4 |
  Orcish Mines |   2053 |   1976 |     77 |    484 |    966 |   2 | 1026.5 |
       Ossuary |    230 |    230 |      0 |     44 |     66 |   1 |  230.0 |
      Ice Cave |    270 |    270 |      0 |    203 |      0 |   1 |  270.0 |
      Gauntlet |   1051 |   1051 |      0 |    565 |      0 |   1 | 1051.0 |
               +--------+--------+--------+--------+--------+-----+--------+

Top non-repeatable levels by time:
     D:3: 2367 daAuts
     D:7: 2116 daAuts
  Lair:5: 1675 daAuts
  Lair:1: 1649 daAuts
  Lair:4: 1600 daAuts
  Lair:2: 1346 daAuts
     D:8: 1252 daAuts
   Orc:2: 1180 daAuts
    D:12: 1113 daAuts
Gauntlet: 1051 daAuts
  Lair:3: 1031 daAuts
    D:10: 1009 daAuts
    D:11: 963 daAuts
     D:6: 926 daAuts
   Orc:1: 873 daAuts
